 Dungeon Crawl Stone Soup version 0.19.1-1-g22dce08 (webtiles) character file.

11238 Mirvelgyr the Cleaver (level 11, -1/151 HPs)
             Began as a Minotaur Berserker on Nov 1, 2016.
             Was a High Priest of Trog.
             Slain by Sonja
             ... wielding a +0 dagger of distortion
              (3 damage)
             ... on level 11 of the Dungeon on Jan 6, 2017.
             The game lasted 00:26:31 (9027 turns).

Mirvelgyr the Cleaver (Minotaur Berserker)          Turns: 9027, Time: 00:26:32

Health: -1/151     AC: 17    Str: 31    XL:     11   Next: 46%
Magic:  3/3        EV: 12    Int:  4    God:    Trog [*****.]
Gold:   654        SH:  0    Dex:  9    Spells: 0 memorised, 10 levels left

rFire  . . .     SeeInvis +     d - +2 war axe (antimagic)
rCold  . . .     Gourm    .     M - +0 plate armour
rNeg   . . .     Faith    +     (no shield)
rPois  .         Spirit   .     (helmet restricted)
rElec  .         Reflect  .     (no cloak)
rCorr  .         Harm     .     (no gloves)
MR     ++...                    F - +1 pair of boots
Stlth  ..........               e - amulet of faith
                                (no ring)
                                g - ring of protection from magic

@: berserking, lethally poisoned (-1 -> -1), slowed
A: retaliatory headbutt, horns 2, see invisible, magic resistance 1, wild magic
1
a: Berserk, Trog's Hand, Brothers in Arms, Burn Spellbooks, Renounce Religion


You were on level 11 of the Dungeon.
You worshipped Trog.
Trog was extremely pleased with you.
You were near starving.

You visited 1 branch of the dungeon, and saw 11 of its levels.

You collected 654 gold pieces.

Inventory:

Hand Weapons
 d - a +2 antimagic war axe (weapon)
 L - a +0 battleaxe
Armour
 F - a +1 pair of boots (worn)
 M - a +0 plate armour (worn)
Jewellery
 e - an amulet of faith (around neck)
 g - a ring of protection from magic (left hand)
 n - an uncursed ring of see invisible {unknown}
 E - an uncursed ring of positive energy {unknown}
Wands
 o - a wand of digging (10/24)
 B - a wand of paralysis (7/24)
Scrolls
 f - 3 scrolls of remove curse {unknown}
 h - 3 scrolls of enchant armour {unknown}
 j - 3 scrolls of magic mapping {unknown}
 k - 2 scrolls of immolation {unknown}
 l - 2 scrolls of teleportation {unknown}
 s - a scroll of amnesia {unknown}
 y - 2 scrolls of blinking {unknown}
 z - a scroll of recharging {unknown}
 H - 2 scrolls of random uselessness {unknown}
 J - 2 scrolls of noise {unknown}
 K - a scroll of fear {unknown}
 N - a scroll of brand weapon {unknown}
 O - a scroll of identify
Potions
 a - a potion of mutation
 b - 2 potions of degeneration
 i - a potion of magic
 m - 3 potions of agility
 p - a potion of might
 r - 4 potions of flight {unknown}
 u - a potion of berserk rage {unknown}
 w - 2 potions of brilliance {unknown}
 x - 3 potions of resistance {unknown}
 A - 2 potions of curing {unknown}
 C - 2 potions of heal wounds {unknown}
 D - 2 potions of haste {unknown}
 I - a potion of ambrosia {unknown}
 P - 2 potions of lignification {unknown}
Comestibles
 c - 3 bread rations
 q - 3 fruits
 t - 2 beef jerkies
 v - 3 meat rations
 G - 2 chunks of flesh


   Skills:
 + Level 10.3 Fighting
 * Level 13.8 Axes
 + Level 10.1 Armour
 + Level 9.1 Dodging


You had 10 spell levels left.
You didn't know any spells.

Dungeon Overview and Level Annotations

Branches:
Dungeon (11/15)            Temple (0/1) D:6            Lair (0/6) D:8
    Orc: D:9-12

Altars:
Fedhas
Makhleb
Nemelex Xobeh
Sif Muna
Trog
Uskayaw
Xom

Shops:
D:4 (

Annotations:
D:11 Sonja


Innate Abilities, Weirdness & Mutations

You reflexively headbutt those who attack you in melee.
You have a pair of horns on your head.
You have supernaturally acute eyesight. (SInv)
You are resistant to hostile enchantments. (MR+)
Your spells are a little harder to cast, but a little more powerful.


Message History

Sonja closely misses you. x2; Sonja barely misses you.
Sonja falters for a moment.
You closely miss Sonja.
Sonja is heavily wounded.
Sonja misses you. Sonja closely misses you.
Sonja hits you with an uncursed dagger of distortion.
* * * LOW HITPOINT WARNING * * *
Space bends around you.
* * * LOW HITPOINT WARNING * * *
You miss Sonja.
Sonja is heavily wounded.
You feel sick. Sonja misses you. Sonja hits you but does no damage.
Space warps horribly around you!
* * * LOW HITPOINT WARNING * * *
Sonja hits you but does no damage. Space warps horribly around you!
* * * LOW HITPOINT WARNING * * *
You closely miss Sonja.
Sonja is heavily wounded.
Sonja hits you with an uncursed dagger of distortion.
You die...

########################
.%.....@..............<.
..$...K....#######.>....
###..#####.# #...... #.
#.# #..[).. # #.#
#...... #.# #...... #.#
#...... #.# #......
#......


You could see Sonja.

Vanquished Creatures
  The ghost of Oxelix the Basher, a novice DrBe of Trog (D:7)
  3 hill giants
  The ghost of humperndinck the Schismatic, a novice DsAK of Lugonu (D:5)
  An ugly thing (D:11)
  A manticore (D:11)
  3 trolls (D:9)
  A hornet (D:9)
  4 hippogriffs
  A shadow (D:11)
  5 yaks (D:11)
  A wraith (D:10)
  A wyvern (D:11)
  A hungry ghost (D:9)
  3 steam dragons
  Grum (D:8)
  A water moccasin (D:9)
  5 orc warriors
  2 sky beasts
  A black bear (D:9)
  6 ogres
  7 centaurs
  2 wolves (D:8)
  9 big kobolds (D:4)
  A bullfrog (D:6)
  The ghost of cuckmaster the Ruffian, a weakling TrMo (D:4)
  A wyvern skeleton (D:10)
  2 scorpions (D:10)
  8 killer bees (D:11)
  A howler monkey (D:8)
  5 crimson imps
  A quasit (D:7)
  3 bullfrog zombies
  7 orc priests
  5 hounds
  7 orc wizards
  A centaur skeleton (D:8)
  4 iguanas
  8 worker ants
  A hound zombie (D:5)
  A worker ant zombie (D:7)
  5 gnolls
  8 adders
  3 shadow imps
  An adder skeleton (D:4)
  A worm (D:6)
  3 dart slugs
  7 leopard geckos
  35 orcs
  2 giant cockroaches
  5 goblins
  5 hobgoblins
  3 quokkas
  2 ball pythons (D:2)
  5 bats
  A frilled lizard (D:3)
  A giant cockroach zombie (D:6)
  A jackal skeleton (D:4)
  A jackal zombie (D:8)
  44 kobolds
  2 quokka skeletons
  A quokka zombie (D:8)
  6 rats
  3 fungi (D:10)
263 creatures vanquished.

Notes
Turn   | Place    | Note
-------+----------+-------------------------------------------
     0 | D:1      | Mirvelgyr the Minotaur Berserker began the quest for the Orb.
     0 | D:1      | Reached XP level 1. HP: 19/19 MP: 0/0
    12 | D:1      | You fall through a shaft!
    44 | D:2      | Upgraded the game from 0.19-b1-5-gdc9fa9d to 0.19.1-1-g22dce08
   116 | D:2      | Reached skill level 4 in Axes
   116 | D:2      | Reached XP level 2. HP: 22/27 MP: 1/1
   131 | D:2      | Found a deep blue altar of Sif Muna.
   131 | D:2      | Found a shimmering altar of Xom.
   131 | D:2      | Found a bloodstained altar of Trog.
   131 | D:2      | Found a burning altar of Makhleb.
   131 | D:2      | Found a hide-covered altar of Uskayaw.
   151 | D:2      | Reached XP level 3. HP: 15/33 MP: 2/2
   845 | D:2      | Found a faded altar of an unknown god.
  1111 | D:2      | Reached ** piety under Trog
  1135 | D:2      | Reached XP level 4. HP: 28/40 MP: 3/3
  1798 | D:4      | Reached skill level 5 in Axes
  1812 | D:4      | Reached XP level 5. HP: 42/47 MP: 4/4
  1852 | D:4      | Reached *** piety under Trog
  1905 | D:4      | Reached skill level 6 in Axes
  1905 | D:4      | Reached XP level 6. HP: 55/55 MP: 5/5
  1906 | D:4      | Reached skill level 5 in Fighting
  2100 | D:4      | HP: 3/84 [ogre/giant spiked club (13)]
  2102 | D:4      | Reached XP level 7. HP: 3/61 MP: 6/6
  2355 | D:4      | Noticed cuckmaster's ghost (weakling TrMo)
  2360 | D:4      | Killed cuckmaster's ghost
  2360 | D:4      | Reached skill level 7 in Axes
  2360 | D:4      | Reached skill level 5 in Armour
  2496 | D:4      | Reached **** piety under Trog
  2538 | D:4      | Found Peniy's Antique Weapon Emporium.
  2858 | D:4      | Reached skill level 8 in Axes
  2858 | D:4      | Reached XP level 8. HP: 70/70 MP: 7/7
  2893 | D:4      | Reached skill level 5 in Dodging
  3063 | D:5      | Entered Level 5 of the Dungeon
  3259 | D:5      | Noticed humperndinck's ghost (novice DsAK)
  3270 | D:5      | Killed humperndinck's ghost
  3270 | D:5      | Reached skill level 9 in Axes
  4018 | D:6      | Reached XP level 9. HP: 73/79 MP: 8/8
  4150 | D:6      | Found a staircase to the Ecumenical Temple.
  4204 | D:6      | Reached ***** piety under Trog
  4253 | D:6      | Received a gift from Trog
  4482 | D:7      | Reached skill level 10 in Axes
  4545 | D:7      | Noticed Oxelix's ghost (novice DrBe)
  4554 | D:7      | Killed Oxelix's ghost
  4913 | D:7      | Reached skill level 11 in Axes
  5649 | D:8      | Reached XP level 10. HP: 90/90 MP: 9/9
  6014 | D:8      | Noticed Grum
  6018 | D:8      | Killed Grum
  6168 | D:8      | Found a staircase to the Lair.
  6478 | D:8      | Gained mutation: You have supernaturally acute eyesight. (SInv) [potion of beneficial mutation]
  6479 | D:8      | Gained mutation: Your spells are a little harder to cast, but a little more powerful. [potion of beneficial mutation]
  6480 | D:8      | Gained mutation: You are resistant to hostile enchantments. (MR+) [potion of beneficial mutation]
  6598 | D:9      | Received a gift from Trog
  6720 | D:9      | Paralysed by a hornet for 1 turns
  6724 | D:9      | Reached skill level 12 in Axes
  6894 | D:9      | Found a blossoming altar of Fedhas.
  7356 | D:9      | Found a sparkling altar of Nemelex Xobeh.
  7441 | D:10     | Entered Level 10 of the Dungeon
  8086 | D:10     | Noticed a hill giant
  8094 | D:10     | Killed a hill giant
  8162 | D:10     | Reached skill level 13 in Axes
  8162 | D:10     | Reached XP level 11. HP: 64/99 MP: 3/10
  8393 | D:11     | Reached skill level 10 in Fighting
  8499 | D:11     | Noticed a hill giant
  8510 | D:11     | Killed a hill giant
  8907 | D:11     | Noticed a purple ugly thing
  8917 | D:11     | Killed a purple ugly thing
  8917 | D:11     | Reached skill level 10 in Armour
  8994 | D:11     | Noticed a hill giant
  9003 | D:11     | Killed a hill giant
  9014 | D:11     | Noticed Sonja
  9026 | D:11     | HP: 2/151 [Sonja/uncursed dagger of distortion (16)]
  9027 | D:11     | Slain by Sonja

Skill      XL: |  1  2  3  4  5  6  7  8  9 10 11 |
---------------+----------------------------------+-----
Axes           | 4 5 6 8 9 11 13 | 13.8
Armour         | 3 4 5 7 8 9 10 | 10.1
Fighting       | 4 5 6 7 8 9 10 | 10.3
Dodging        | 3 4 5 7 8 9 |  9.1

Action                   |  1- 3 |  4- 6 |  7- 9 | 10-12 || total
-------------------------+-------+-------+-------+-------++-------
Melee: Hand axe          |    57 |    56 |       |       ||   113
       Headbutt          |     6 |    15 |    50 |    67 ||   138
       War axe           |       |    64 |   206 |   249 ||   519
       Battleaxe         |       |       |    39 |    43 ||    82
Invok: Berserk           |     1 |     2 |     5 |     4 ||    12
       Trog's Hand       |       |     1 |     6 |     9 ||    16
       Burn Spellbooks   |       |       |     2 |     1 ||     3
Evoke: Wand              |       |       |       |     1 ||     1
  Use: Scroll            |       |       |       |     6 ||     6
       Potion            |       |       |       |     3 ||     3
 Stab: Paralysed         |       |       |       |     1 ||     1
  Eat: Chunk             |     2 |     4 |    14 |    20 ||    40
       Bread ration      |       |       |     1 |       ||     1
Armor: Animal skin       |    14 |       |       |       ||    14
       Chain mail        |     7 |    91 |    97 |       ||   195
       Plate armour      |       |       |    20 |   152 ||   172
Dodge: Dodged            |    30 |    88 |   141 |   183 ||   442
